 Dungeon Crawl Stone Soup version 0.26-a0-1033-gd598b01645 (webtiles) character file.

Game seed: 4931445522367813234

5 Floopie the Sneak (level 1, -4/20 HPs)
             Began as a Deep Dwarf Delver on Dec 10, 2020.
             Was an Initiate of Ru.
             Splashed by Ijyb's acid (12 damage)
             ... on level 5 of the Dungeon.
             The game lasted 00:01:27 (162 turns).

Floopie the Sneak (Deep Dwarf Delver)                Turns: 162, Time: 00:01:28

Health: -4/20      AC:  3    Str: 15    XL:     1   Next: 66%
Magic:  1/1        EV: 12    Int: 10    God:    Ru [......]
Gold:   70         SH:  0    Dex: 14    Spells: 0/0 levels left

rFire    . . .     SeeInvis .   a - +0 hand axe
rCold    . . .     Faith    .   (no shield)
rNeg     . . .     Spirit   .   b - +0 leather armour
rPois    .         Reflect  .   (no helmet)
rElec    .         Harm     .   (no cloak)
rCorr    .         Rampage  .   (no gloves)
Will     .....                  (no boots)
Stlth    +++.......             (no amulet)
HPRegen  0.00/turn              (no ring)
MPRegen  0.07/turn              (no ring)

@: non-regenerating
A: damage resistance, heal wounds, sense surroundings 1, no regeneration
a: Heal Wounds, Renounce Religion


You were on level 5 of the Dungeon.
You worshipped Ru.
Ru was noncommittal.
You visited 2 branches of the dungeon, and saw 4 of its levels.

You collected 70 gold pieces.

Inventory:

Hand Weapons
 a - a +0 hand axe (weapon)
Armour
 b - a +0 leather armour (worn)
Wands
 D - a wand of digging (3)
 V - a wand of flame (16)
Scrolls
 c - a scroll of fog
 e - a scroll of fear
 M - a scroll of magic mapping
 N - a scroll of noise {unknown}
Potions
 H - a potion of haste
 W - a potion of mutation {unknown}


   Skills:
 + Level 2.8 Fighting
 * Level 2.6 Axes
 - Level 2.1 Dodging
 - Level 6.0 Stealth


You couldn't memorise any spells.
You didn't know any spells.
Your spell library was empty.

Dungeon Overview and Level Annotations

Branches:
Dungeon (7/15)             Temple (1/1) D:6

Altars:
Cheibriados
Dithmenos
Elyvilon
Fedhas
Gozag
Makhleb
Nemelex Xobeh
Okawaru
Qazlal
Ru
Sif Muna
Xom
Yredelemnul
Zin

Annotations:
D:5 Ijyb


Innate Abilities, Weirdness & Mutations

You are resistant to damage.
You can heal yourself by infusing magical energy.
You passively map a small area around you.
You do not regenerate.


Message History

You feel much better.
You now have 70 gold pieces (gained 13).
You enter the shallow water.
Moving in this stuff is going to be slow.
Found a smoky red potion.
V - a wand of flame (16)
A phantom comes into view.
You see here a smoky red potion.
W - a smoky red potion
Found 20 stones.
The phantom blinks!
There is a stone staircase leading up here.
You climb upwards.
Ijyb shouts!
A quokka comes into view.
Ijyb zaps a wand.
The bolt of acid hits you!
Ouch! That really hurt!
You are splashed with acid!
Ouch! That really hurt!
You die...

, , ,, , , ,
, , * # * * ,
, #?# * , * ,
....## , ,
......######
* * ,
.(....g....##
, *#@....#
#......# ≈ ≈
#r.....#* ≈
,* ##......#
* ≈ ....... ,
, ≈.
....#..,, *
.. ...## # ,
#., * , ..##
* #., * , ∩


You could see Ijyb and a quokka.

Vanquished Creatures
  An ufetubus (D:6)
1 creature vanquished.

Notes
Turn   | Place    | Note
-------+----------+-------------------------------------------
     0 | D:5      | Floopie the Deep Dwarf Delver began the quest for the Orb.
     0 | D:5      | Reached XP level 1. HP: 20/20 MP: 1/1
    29 | D:6      | Found a staircase to the Ecumenical Temple.
    35 | Temple   | Entered the Ecumenical Temple
    54 | Temple   | Became a worshipper of Ru the Awakened
   150 | D:6      | Noticed a phantom
   162 | D:5      | Noticed Ijyb
   162 | D:5      | Splashed by Ijyb's acid

Illustrated notes

Levels and vault maps discovered:
D:5:      layout_rooms, lemuel_round_altar, serial_rivers,
          chequers_serial_rivers_micro_d, chequers_serial_rivers_micro_b,
          chequers_serial_rivers_small_3, chequers_serial_rivers_marsh,
          serial_shops, kennysheep_mini, shop, kennysheep_mini_moat, shop,
          nicolae_shop_window_shopping, basic_altar, uniq_ijyb
D:6:      layout_cave_pools, kiku_gazebo_garden_becter,
          minmay_temple_entry_hall, serial_bayou_pond_e
D:7:      layout_gridville, tgw_trog, vehumet_altar_wand_db,
          nicolae_overflow_hidden_temple, serial_co_window_serial,
          co_window_paths_b, co_window_paths_a, co_window_paths_a,
          co_window_corner_a, co_window_paths_a, co_window_2corner,
          co_window_broadway_c, co_window_of_opportunity_b,
          co_window_of_opportunity_b, co_window_paths_e, glass_columns_a,
          glass_columns_a, glass_columns_c, uniq_harold
Temple:   eino_temple_lava

Action                   || total
-------------------------++-------
Melee: Hand axe          ||     9
 Abil: Heal Wounds       ||     1
Armor: Leather armour    ||     2
Dodge: Dodged            ||    18

Table legend: (Time is in decaauts)
 A = Elapsed time spent in this place.
 B = Non-inter-level travel time spent in this place.
 C = Inter-level travel time spent in this place.
 D = Time resting spent in this place.
 E = Time spent auto-exploring this place.
 F = Levels seen in this place.
 G = Mean time per level.
                   A        B        C        D        E       F      G
               +--------+--------+--------+--------+--------+-----+--------+
         Total |    165 |    157 |      8 |      0 |      0 |   4 |   41.2 |
       Dungeon |    137 |    137 |      0 |      0 |      0 |   3 |   45.7 |
        Temple |     28 |     20 |      8 |      0 |      0 |   1 |   28.0 |
               +--------+--------+--------+--------+--------+-----+--------+

Top non-repeatable levels by time:
     D:6: 134 daAuts
  Temple: 28 daAuts
     D:7: 1 daAuts
     D:5: 1 daAuts
